Description

Rushed by a 3 rax cheese strat in Gold. This is the build order he used.

Build Order

Get SALT Encoding   

  13  0:00  SCV  Immediately send SCV to build 1st rax
  14  0:12  SCV  1st SCV out builds supply depot then heads out to build 3rd rax
  14  0:19  Supply Depot  2nd SCV goes out immediately to build 2nd rax
  14  0:41  Barracks  
  14  0:52  Barracks  
  15  0:54  SCV  Goes to mineral field
  15  1:06  Barracks  
  16  1:10  SCV  
  16  1:20  Supply Depot  
  17  1:30  Marine  
  17  1:37  Barracks  Very 1st SCV builds 4th RAX
  18  1:44  Marine  
  19  1:48  Marine  
  20  1:58  Marine  
  21  2:02  Marine  
  22  2:06  Marine  
  23  2:16  Marine  
  24  2:20  Marine  
  25  2:24  Marine  
  26  2:25  Marine  
  27  2:34  Marine  ATTACK at 6 Marine and bring your 3 SCV's
Spawning Tool Build Advisor. Get it on Overwolf

Analysis

Show workers for more notes

Go to:

Details

  • Created by: jaxjag088
  • Published on: May 22, 2022
  • Modified on: May 22, 2022
  • Patch: 4.11.0
  • Difficulty: Easy
Show
View Real Time Build Order
Export as new Build Order

Comments (0)

There are no comments. Be the first!

Create an account to comment!